 Dungeon Crawl Stone Soup version 0.30.1 (webtiles) character file.

Game seed: 11684777053957156967

1883 monsoonserge the Merchant of Misery (level 8, -8/56 (61) HPs)
             Began as a Demonspawn Monk on July 7, 2023.
             Was a Believer of Kikubaaqudgha.
             Mangled by a wight
             ... wielding a +3 war axe
              (10 damage)
             ... while paralysed by Grinder
             ... on level 6 of the Dungeon.
             The game lasted 00:29:11 (5419 turns).

monsoonserge the Merchant of Misery (DsMo)          Turns: 5419, Time: 00:29:12

HP:   -8/56 (61)    AC:  9    Str: 12    XL:     8   Next: 92%
MP:   0/10          EV:  2    Int: 14    God:    Kikubaaqudgha [**....]
Gold: 430           SH:  0    Dex: 15    Spells: 3/9 levels left

rFire   . . .        b - +1 whip (flame)
rCold   . . .        d - orb {light}
rNeg    + . .        h - +0 ring mail
rPois   +            (helmet restricted)
rElec   .            (no cloak)
rCorr   .            i - +0 pair of gloves
SInv    .            (no boots)
Will    .....        (no amulet)
Stlth   +            g - ring of poison resistance
HPRegen 0.29/turn    E - ring of positive energy
MPRegen 0.24/turn

%: guardian spirit
@: paralysed, glowing, drained
A: horns 1, molten scales 1, magic shield, magic regeneration, demonic magic 1
a: Renounce Religion, Unearth Wretches


You were on level 6 of the Dungeon.
You worshipped Kikubaaqudgha.
Kikubaaqudgha was pleased with you.
You visited 2 branches of the dungeon, and saw 7 of its levels.
You also visited: Ossuary.

You collected 430 gold pieces.

Inventory:

Hand Weapons
 b - a +1 whip of flaming (weapon)
 s - a +0 sling
Missiles
 e - 6 boomerangs
 f - 6 poisoned darts (quivered)
Armour
 d - an orb of light (worn)
 h - a +0 ring mail (worn)
 i - a +0 pair of gloves (worn)
 o - a +0 leather armour
 y - a +0 leather armour of positive energy
 F - a +0 chain mail
Magical Staves
 a - a staff of death
 G - a staff of poison
Jewellery
 g - a ring of poison resistance (left hand)
 u - a ring of fire
 E - a ring of positive energy (right hand)
Wands
 r - a wand of polymorph (9)
Scrolls
 c - 6 scrolls of identify {unknown}
 k - a scroll of noise {unknown}
 l - 6 scrolls of enchant armour {unknown}
 m - 2 scrolls of butterflies {unknown}
 p - 4 scrolls of vulnerability {unknown}
 q - 7 scrolls of teleportation {unknown}
 t - 2 scrolls of immolation {unknown}
 v - 2 scrolls of enchant weapon {unknown}
 w - 3 scrolls of magic mapping {unknown}
 z - a scroll of fear {unknown}
 A - 2 scrolls of fog {unknown}
 C - 2 scrolls of silence {unknown}
Potions
 j - 4 potions of haste
 n - 3 potions of flight
 x - 3 potions of curing {unknown}
 B - a potion of mutation {unknown}
 D - a potion of lignification {unknown}


   Skills:
 + Level 4.4 Fighting
 - Level 3.0 Long Blades
 + Level 2.6(3.1) Maces & Flails
 + Level 2.3(3.0) Staves
 + Level 0.1 Throwing
 * Level 4.3 Armour
 + Level 4.0 Dodging
 - Level 1.0 Stealth
 + Level 1.2 Unarmed Combat
 + Level 1.4 Spellcasting
 * Level 8.1 Necromancy


You had 3 spell levels left.
You knew the following spells:

 Your Spells              Type           Power      Damage    Failure   Level
a - Necrotise             Necr           92%        1d8       1%          1
b - Vampiric Draining     Necr           23%        2d7       6%          3
c - Sublimation of Blood  Necr           23%        N/A       3%          2

Your spell library contained the following spells:

 Spells                   Type           Power      Damage    Failure   Level
 Cigotuvi's Dreadful Rot  Necr/Pois/Air  16%        N/A       26%         2
 Apportation              Tloc           2%         N/A       47%         1
 Summon Small Mammal      Summ           4%         N/A       47%         1
 Ozocubu's Armour         Ice            1%         N/A       85%         3
 Ozocubu's Refrigeration  Ice            0%         4d7       100%        7


Dungeon Overview and Level Annotations

Branches:
Dungeon (6/15)             Temple (1/1) D:4         Ossuary (visited)

Altars:
Ashenzari
Kikubaaqudgha
Qazlal
Uskayaw

Shops:
D:4 *

Annotations:
D:6 2 transporters, Grinder; Pepete's ghost, novice DjFE


Innate Abilities, Weirdness & Mutations

You have a pair of small horns on your head.
You are partially covered in molten scales. (AC +2)
When hurt, damage is shared between your health and your magic reserves.
You regenerate magic rapidly.
Spells you cast may paralyse adjacent enemies.


Message History

A wight comes into view. It is wielding a +3 war axe.
Casting: Necrotise (safe; 1% risk of failure)
Confirm with . or Enter, or press ? or * to list all spells.
You can't see any susceptible monsters within range! (Use Z to cast anyway.) Unknown command.
Grinder gestures at you. You resist with some effort.
You open the door.
A wight comes into view. It is wielding a +2 halberd.
Grinder barely misses you. x2
A wight comes into view. It is wielding a +0 hand axe.
There is an open door here.
Grinder attacks as you move away! Grinder closely misses you.
Your +1 whip of flaming bursts into flame!
b - a +1 whip of flaming (weapon)
Grinder gestures at you.
You suddenly lose the ability to move!
Grinder hits you. x2
The wight completely misses you. The wight hits you with a +3 war axe!
Grinder hits you.
You writhe in agony.
Grinder hits you.
You writhe in agony.
The wight hits you from afar with a +2 halberd!
You partially resist.
You feel drained. The wight hits you with a +3 war axe!
* * * LOW HITPOINT WARNING * * *
Grinder hits you but does no damage. The wight hits you but does no damage.
The wight hits you with a +3 war axe!
* * * LOW HITPOINT WARNING * * *
You partially resist.
You feel drained.
A wight comes into view. It is wielding a +0 dire flail.
Grinder gestures at you.
You struggle to resist.
Grinder gestures at you. Pain shoots through your body!
* * * LOW HITPOINT WARNING * * *
A white imp comes into view.
The wight hits you from afar with a +2 halberd.
* * * LOW HITPOINT WARNING * * *
You partially resist.
You feel drained. The wight hits you with a +3 war axe!
You die...
Kikubaaqudgha rasps: "You have failed me!
Welcome... death!"

#...###.# #y###.##.
#...##y..#.yy##.##.
#...##.###.#.##....
#...##...#...##....
#...#y#.#.#! .#....
#...#y.# . .#....
#######.©#yy#
.©#©...
#.....#..#yy#
..#.##.
#.....#@.#W#.#
#.#.#..
+....zz5.##...# #
+.. #.....#z.# .###
#.. #....z#..# ..
#.. #...5.##.# .#
#. ###... z.. ##
#... .... #... ....
+... ....


You could see Grinder (fast), a queen bee, 5 killer bees, 4 wights and a white
imp (wandering).

Vanquished Creatures
  Pikel (D:4)
  Prince Ribbit (D:5)
  A wraith (Ossuary)
  Edmund (D:5)
  A sky beast (D:6)
  2 phantoms
  A bullfrog (D:6)
  A scorpion (D:5)
  A howler monkey (D:4)
  3 hounds
  A jelly (D:4)
  A human zombie (Ossuary)
  An orc priest (D:4)
  2 orc wizards (D:4)
  An iguana (D:5)
  3 mummies (Ossuary)
  A gnoll (D:5)
  5 adders
  A worm (D:2)
  A dart slug (D:2)
  17 orcs
  8 endoplasms
  2 giant cockroaches
  A gnoll zombie (Ossuary)
  6 goblins
  5 hobgoblins
  4 jackals (D:1)
  4 quokkas
  8 ball pythons
  6 bats
  3 frilled lizards (D:1)
  3 goblin zombies (Ossuary)
  5 hobgoblin zombies (Ossuary)
  4 kobolds
  3 kobold zombies (Ossuary)
  An orc zombie (Ossuary)
  3 rats (D:1)
113 creatures vanquished.

Vanquished Creatures (collateral kills)
  A scorpion (D:5)
  An iguana (D:5)
2 creatures vanquished.

Grand Total: 115 creatures vanquished

Notes
Turn   | Place    | Note
-------+----------+-------------------------------------------
     0 | D:1      | monsoonserge the Demonspawn Monk began the quest for the
                  | Orb.
     0 | D:1      | Reached XP level 1. HP: 18/18 MP: 1/1
   226 | D:1      | Gained mutation: You regenerate magic rapidly. [demonic
                  | ancestry]
   226 | D:1      | Reached XP level 2. HP: 24/24 MP: 2/2
   286 | D:1      | Learned a level 1 spell: Necrotise
   395 | D:1      | Gained mutation: You have a pair of small horns on your
                  | head. [demonic ancestry]
   395 | D:1      | Reached XP level 3. HP: 21/29 MP: 3/3
   725 | D:2      | Reached skill level 1 in Necromancy
  1714 | D:3      | Reached skill level 1 in Spellcasting
  1787 | D:3      | Reached XP level 4. HP: 28/35 MP: 0/5
  1917 | D:3      | Reached skill level 2 in Necromancy
  2545 | D:4      | Noticed Pikel
  2545 | D:4      | Noticed a lemure
  2545 | D:4      | Noticed a lemure
  2545 | D:4      | Noticed a lemure
  2545 | D:4      | Noticed a lemure
  2688 | D:4      | Reached skill level 1 in Staves
  2863 | D:4      | Noticed a phantom
  2874 | D:4      | Gained mutation: You are partially covered in molten
                  | scales. (AC +2) [demonic ancestry]
  2874 | D:4      | Reached XP level 5. HP: 29/41 MP: 1/6
  2890 | D:4      | Killed a phantom
  2891 | D:4      | Reached skill level 1 in Armour
  2891 | D:4      | Reached skill level 3 in Necromancy
  3098 | D:4      | Killed Pikel
  3099 | D:4      | Reached skill level 1 in Unarmed Combat
  3099 | D:4      | Reached skill level 5 in Necromancy
  3099 | D:4      | Gained mutation: When hurt, damage is shared between your
                  | health and your magic reserves. [demonic ancestry]
  3099 | D:4      | Reached XP level 6. HP: 48/48 MP: 5/7
  3099 | D:4      | Reached XP level 7. HP: 53/53 MP: 5/8
  3312 | D:4      | Found an ancient bone altar of Kikubaaqudgha.
  3316 | D:4      | Became a worshipper of Kikubaaqudgha
  3316 | D:4      | Reached * piety under Kikubaaqudgha
  3316 | D:4      | Received a gift from Kikubaaqudgha
  3316 | D:4      | Reached ** piety under Kikubaaqudgha
  3321 | D:4      | Learned a level 3 spell: Vampiric Draining
  3324 | D:4      | Learned a level 2 spell: Sublimation of Blood
  3331 | D:4      | Found a stormy altar of Qazlal.
  3385 | D:4      | Found a staircase to the Ecumenical Temple.
  3394 | Temple   | Entered the Ecumenical Temple
  3412 | D:4      | Found a broken altar of Ashenzari.
  3491 | D:4      | Found Iroev's Assorted Antiques.
  3699 | D:5      | Entered Level 5 of the Dungeon
  3703 | D:5      | Reached skill level 6 in Necromancy
  3854 | D:5      | Gained mutation: Spells you cast may paralyse adjacent
                  | enemies. [demonic ancestry]
  3854 | D:5      | Reached XP level 8. HP: 47/60 MP: 1/9
  3922 | D:5      | Found a sand-covered staircase.
  3929 | D:5      | Noticed Prince Ribbit
  3932 | Ossuary  | Entered an ossuary
  4424 | Ossuary  | Reached skill level 1 in Maces & Flails
  4655 | D:5      | Killed Prince Ribbit
  4656 | D:5      | Reached skill level 7 in Necromancy
  4739 | D:5      | Noticed a hornet
  4739 | D:5      | Noticed a two-headed ogre
  4961 | D:5      | Noticed Edmund
  4986 | D:5      | Killed Edmund
  4987 | D:5      | Reached skill level 1 in Stealth
  5024 | D:5      | Found a hide-covered altar of Uskayaw.
  5269 | D:6      | Reached skill level 8 in Necromancy
  5352 | D:6      | Noticed a hornet
  5364 | D:6      | Noticed a queen bee
  5401 | D:6      | Found a transporter.
  5405 | D:6      | Found a transporter.
  5405 | D:6      | Noticed Pepete's ghost (novice DjFE)
  5408 | D:6      | Noticed Grinder
  5414 | D:6      | Paralysed by Grinder for 5 turns
  5419 | D:6      | HP: 2/57 [wight/+2 halberd (2)]
  5419 | D:6      | Mangled by a wight

Illustrated notes

Levels and vault maps discovered:
D:1:      dpeg_arrival_circle_labyrinth_a, layout_rooms, minmay_strange_pillars
D:2:      layout_basic, minmay_hedge_maze, hex_medium
D:3:      layout_loops_corners
D:4:      cheibrodos_old_hovel, layout_gridville, cheibrodos_ashenzari_chains,
          mainiacjoe_overflow_big_doors, minmay_temple_entry_antechambers,
          serial_shops, shop, kennysheep_generic_room_14, uniq_pikel
D:5:      minmay_spotlight, layout_rooms, nicolae_uskayaw_suspiria,
          enter_ossuary_1, grunt_decor_junction, uniq_prince_ribbit1,
          uniq_edmund
D:6:      layout_gridville, serial_shops, shop, gammafunk_ghost_hive,
          uniq_sigmund, uniq_grinder, uniq_maggie
Temple:   mainiacjoe_temple_bowtie_tessellation

Skill      XL: |  1  2  3  4  5  6  7  8 |
---------------+-------------------------+-----
Long Blades    | 3 |  3.0
Dodging        | 3 4 |  4.0
Necromancy     | 1 2 5 6 8 |  8.1
Spellcasting   | 1 |  1.4
Staves         | 1 2 |  2.3
Armour         | 3 4 |  4.3
Unarmed Combat | 1 |  1.2
Fighting       | 4 |  4.4
Maces & Flails | 2 |  2.6
Stealth        | 1 |  1.0
Throwing       | |  0.1

Action                     |  1- 3 |  4- 6 |  7- 9 || total
---------------------------+-------+-------+-------++-------
  Melee: Falchion          |    42 |     9 |       ||    51
         Staff             |    79 |    53 |    31 ||   163
         Headbutt          |    15 |    15 |    48 ||    78
         Unarmed           |       |    18 |       ||    18
         Whip              |       |       |    91 ||    91
  Throw: Dart              |       |     1 |       ||     1
   Cast: Necrotise         |    30 |    30 |    83 ||   143
    Use: Potion            |     1 |     4 |       ||     5
   Stab: Confused          |       |     3 |       ||     3
         Paralysed         |       |       |    19 ||    19
         Distracted        |       |       |     1 ||     1
 Armour: Ring mail         |    15 |       |     7 ||    22
         Robe              |    20 |       |       ||    20
         Leather armour    |     4 |    19 |    33 ||    56
         Skin              |       |     2 |       ||     2
  Dodge: Dodged            |   109 |    60 |    82 ||   251
